 Dungeon Crawl Stone Soup version 0.31-a0-426-g3a05650e59 (webtiles) character file.

Game seed: 8434074663779606322

58617 tilp the Covert (level 14, -4/115 HPs)
             Began as a Vampire Enchanter on July 30, 2023.
             Was the Champion of Wu Jian.
             Slain by Jorgrun
             ... wielding a staff of earth
              (9 damage)
             ... on level 12 of the Dungeon.
             The game lasted 00:45:15 (21826 turns).

tilp the Covert (Vampire Enchanter)                Turns: 21826, Time: 00:45:16

Health: -4/115     AC: 13    Str:  9    XL:     14   Next: 50%
Magic:  23/26      EV: 18    Int: 21    God:    Wu Jian [******]
Gold:   966        SH:  4    Dex: 16    Spells: 19/30 levels left

rFire   . . .        a - +10 dagger of Veaseoc {flame, rC+ Str+2 Stlth+}
rCold   + . .        C - +0 buckler
rNeg    . . .        Z - +1 ring mail {rPois}
rPois   +            Q - +2 helmet
rElec   .            (no cloak)
rCorr   .            (no gloves)
SInv    +            v - +2 pair of boots
Will    +....        (no amulet)
Stlth   ++++++       J - +4 ring of slaying
HPRegen 0.59/turn    y - +5 ring of evasion
MPRegen 0.20/turn

%: no passive effects
@: confusing by touch, healing quickly
A: alive, fangs 3, see invisible, vampiric 2
a: Exsanguinate, Renounce Religion, Wall Jump, Serpent's Lash, Heavenly Storm


You were on level 12 of the Dungeon.
You worshipped Wu Jian.
Wu Jian was exalted by your worship.
You visited 3 branches of the dungeon, and saw 18 of its levels.
You also visited: Volcano.

You collected 1552 gold pieces.
You spent 586 gold pieces at shops.

Inventory:

Hand Weapons
 a - the +10 dagger of Veaseoc (weapon) {flame, rC+ Str+2 Stlth+}
   (You found it on level 12 of the Dungeon)

   Str:       It affects your strength (+2).
   rC:        It protects you from cold.
   Stlth:     It makes you more stealthy.
 b - the +11 Singing Sword {sonic wave}
   (You found it on level 6 of the Dungeon)
 j - a +4 scimitar of flaming
 M - a +3 dagger of flaming
Missiles
 i - 39 poisoned darts (quivered)
 o - a throwing net
 E - 2 curare-tipped darts
 V - 6 boomerangs
Armour
 v - a +2 pair of boots (worn)
 C - a +0 buckler (worn)
 Q - a +2 helmet (worn)
 Z - a +1 ring mail of poison resistance (worn)
Jewellery
 q - a ring of wizardry
 y - a +5 ring of evasion (right hand)
 J - a +4 ring of slaying (left hand)
Wands
 d - a wand of mindburst (6)
 D - a wand of roots (6)
 G - a wand of digging (2)
 T - a wand of light (6)
 W - a wand of charming (7)
Scrolls
 l - 4 scrolls of brand weapon
 m - a scroll of silence
 n - 9 scrolls of teleportation
 p - 2 scrolls of torment
 x - 3 scrolls of immolation
 F - a scroll of revelation
 O - 2 scrolls of poison
 P - 2 scrolls of blinking
 R - a scroll of fog
 U - 2 scrolls of identify
 X - 2 scrolls of fear
 Y - a scroll of vulnerability
Potions
 c - 4 potions of invisibility
 e - 9 potions of magic
 f - 7 potions of curing
 g - 5 potions of cancellation
 h - 5 potions of might
 k - 5 potions of mutation
 r - 4 potions of ambrosia
 s - 3 potions of berserk rage
 t - 5 potions of enlightenment
 w - 4 potions of resistance
 A - 2 potions of attraction
 I - 2 potions of haste
 K - a potion of brilliance
 N - 2 potions of heal wounds


   Skills:
 - Level 12.0 Fighting
 - Level 10.0(10.6) Short Blades
 - Level 5.3(8.0) Long Blades
 - Level 4.0 Armour
 + Level 8.7 Dodging
 + Level 14.7 Stealth
 + Level 8.8 Spellcasting
 - Level 4.0 Conjurations
 - Level 12.0 Hexes
 - Level 4.0 Ice Magic
 + Level 6.7 Evocations


You had 19 spell levels left.
You knew the following spells:

 Your Spells              Type           Power      Damage    Failure   Level
a - Ensorcelled Hibernat  Hex/Ice        84%        N/A       1%          2
b - Confusing Touch       Hex            56%        N/A       1%          3
c - Tukima's Dance        Hex            56%        N/A       1%          3
d - Dazzling Flash        Conj/Hex       84%        N/A       3%          3

Your spell library contained the following spells:

 Spells                   Type           Power      Damage    Failure   Level
 Kiss of Death            Conj/Necr      68%        2d10      13%         1
 Necrotise                Necr           36%        1d5       30%         1
 Sandblast                Erth           18%        2d7       30%         1
 Stone Arrow              Conj/Erth      34%        3d9       36%         3
 Lesser Beckoning         Tloc           18%        N/A       41%         2
 Passwall                 Tmut/Erth      7%         N/A       41%         2
 Sublimation of Blood     Necr           9%         N/A       41%         2
 Wereblood                Tmut           9%         N/A       41%         2
 Gell's Gravitas          Tloc           9%         N/A       65%         3
 Teleport Other           Tloc           9%         N/A       65%         3
 Vampiric Draining        Necr           9%         2d6       65%         3
 Dispel Undead            Necr           9%         3d8       96%         4
 Agony                    Necr           9%         N/A       100%        5
 Haunt                    Necr/Summ      4%         N/A       100%        7
 Summon Hydra             Summ           4%         N/A       100%        7
 Borgnjor's Revivificati  Necr           Unusable   N/A       N/A         8
 Death's Door             Necr           Unusable   N/A       N/A         9

Dungeon Overview and Level Annotations

Branches:
Dungeon (12/15)            Temple (1/1) D:5            Lair (5/5) D:9
 Shoals (0/4) Lair:2       Spider (0/4) Lair:2        Slime (0/5) Lair:5
    Orc (0/2) D:11        Volcano (visited)

Altars:
Ashenzari
Cheibriados
Dithmenos
Fedhas
Gozag
Hepliaklqana
Kikubaaqudgha
Makhleb
Nemelex Xobeh
Okawaru
Qazlal
Ru
Sif Muna
Trog
Uskayaw
Vehumet
Wu Jian
Xom
Yredelemnul
Jiyva

Shops:
D:5 (   D:8 [*=[   D:10 :[

Annotations:
D:7 3 runed translucent doors
D:12 Jorgrun


Innate Abilities, Weirdness & Mutations

Your natural rate of healing is accelerated.
You have razor-sharp teeth.
You have supernaturally acute eyesight. (SInv)
You are afflicted with vampirism and can become a bat while bloodless.


Message History

* * * LOW HITPOINT WARNING * * *
Jorgrun hits you but does no damage. Jorgrun shatters you.
* * * LOW HITPOINT WARNING * * *
Unknown command.
You hit Jorgrun but do no damage. Your bite misses Jorgrun.
Jorgrun is severely wounded.
Unknown command.
Okay, then.
You feel much better. Jorgrun gestures at you while chanting.
The entropic shot hits you!!
* * * LOW HITPOINT WARNING * * *
Unknown command.
Unknown command.
Aiming: Fastroot
Press: ? - help, Shift-Dir - straight line The roots erupt in riotous growth!
Roots grab Jorgrun.
The grasping roots constrict Jorgrun.
Jorgrun barely misses you. Jorgrun hits you with a staff of earth.
* * * LOW HITPOINT WARNING * * *
Unknown command.
Unknown command.
You hit Jorgrun but do no damage. You bite Jorgrun.
Jorgrun is severely wounded.
The grasping roots constrict Jorgrun.
Jorgrun hits you with a staff of earth!
* * * LOW HITPOINT WARNING * * *
You block Jorgrun's attack.
Unknown command.
You hit Jorgrun but do no damage.
Jorgrun is severely wounded.
The grasping roots constrict Jorgrun.
You hit Jorgrun but do no damage.
Jorgrun is severely wounded.
The grasping roots constrict Jorgrun.
The roots release their grip on Jorgrun.
Jorgrun hits you with a staff of earth.
* * * LOW HITPOINT WARNING * * *
Jorgrun hits you with a staff of earth!
You die...

..#....#..#.........#..#.........
..........#.........#..#.........
..........#.........#..#.........
..#.......#......#..#..#.........
..#....####[.....#..#..#.........
..#..............#..####.........
.................####..#.........
...........................g.....
########........@...#..#.........
###### ####......g..#............
8#8#8# #.........#.............
.#.#.###......)..#..####.......
.......#.........#### .......
.#.#.#...........# .......
8#8#8#...........# .......
######.#.........# .......
....#..####......# .......


You could see Jorgrun.

Vanquished Creatures
  Josephine (Lair:3)
  3 hydras
  2 catoblepae
  Erica (Lair:1)
  A dancing weapon (Volcano)
  3 two-headed ogres
  4 boulder beetles
  A fire crab (Lair:5)
  3 skysharks
  2 goliath frogs (Lair:5)
  5 wizards (Volcano)
  A deep elf pyromancer (D:12)
  An ugly thing (D:8)
  A manticore (D:11)
  2 cyclopes
  5 toenail golems (Volcano)
  7 elephants
  5 black mambas
  21 cane toads
  A gargoyle (D:12)
  4 kobold demonologists
  7 komodo dragons
  2 rime drakes (Lair:2)
  A polar bear (Lair:1)
  3 meliai (D:10)
  6 trolls
  A tyrant leech (Lair:4)
  25 blink frogs
  12 dream sheep
  4 slime creatures (D:12)
  2 culicivoras (Lair:2)
  A vampire (D:10)
  5 wyverns
  42 yaks
  2 basilisks
  4 wraiths
  2 steam dragons
  7 vampire mosquitoes
  15 water moccasins
  2 acid dragons
  A sky beast (D:7)
  An ice beast (D:6)
  3 black bears
  2 orc warriors
  15 wolves
  2 ogres (D:5)
  9 centaurs
  4 kobold brigands
  4 lemures (D:4)
  12 bullfrogs
  4 scorpions
  3 wights (D:8)
  3 killer bees (D:10)
  3 howler monkeys
  5 electric eels
  A sleepcap (D:7)
  4 orc priests (D:8)
  5 hounds
  4 iguanas
  Natasha (thrice) (D:3)
  11 orc wizards
  12 adders
  4 gnolls (D:4)
  2 white imps
  An ufetubus (D:5)
  A worm (D:2)
  4 dart slugs
  35 orcs
  6 ball pythons
  7 bats
  7 endoplasms
  3 giant cockroaches
  4 goblins
  7 hobgoblins
  11 jackals
  2 quokkas (D:2)
  2 frilled lizards
  26 kobolds
  6 rats
  A butterfly (Lair:3)
457 creatures vanquished.

Vanquished Creatures (collateral kills)
  Pikel (D:4)
  A hornet (D:9)
  A bullfrog (Lair:1)
  A wight (D:8)
  An orc wizard (D:8)
  2 orcs
7 creatures vanquished.

Vanquished Creatures (others)
  4 dancing weapons
  An orc (D:8)
5 creatures vanquished.

Grand Total: 469 creatures vanquished

Notes
Turn   | Place    | Note
-------+----------+-------------------------------------------
     0 | D:1      | tilp the Vampire Enchanter began the quest for the Orb.
     0 | D:1      | Reached XP level 1. HP: 13/13 MP: 3/3
   196 | D:1      | Reached XP level 2. HP: 19/19 MP: 5/5
   201 | D:1      | Learned a level 2 spell: Ensorcelled Hibernation
   489 | D:1      | Gained mutation: You are afflicted with vampirism and can
                  | become a bat while bloodless. [Vampire growth]
   489 | D:1      | Reached XP level 3. HP: 24/25 MP: 1/6
   493 | D:1      | Learned a level 3 spell: Confusing Touch
  1349 | D:2      | Reached skill level 1 in Fighting
  1494 | D:2      | Reached XP level 4. HP: 30/32 MP: 7/7
  1520 | D:2      | Reached skill level 5 in Stealth
  2078 | D:2      | Reached skill level 5 in Short Blades
  2078 | D:2      | Reached skill level 9 in Stealth
  2078 | D:2      | Reached skill level 5 in Spellcasting
  2078 | D:2      | Reached XP level 5. HP: 43/43 MP: 7/12
  2227 | D:3      | Noticed a water moccasin
  2233 | D:3      | Killed a water moccasin
  2234 | D:3      | Reached XP level 6. HP: 49/49 MP: 10/13
  2721 | D:3      | Noticed Natasha
  2728 | D:3      | Killed Natasha
  2801 | D:3      | Noticed Natasha
  2813 | D:3      | Killed Natasha
  2910 | D:3      | Noticed Natasha
  2916 | D:3      | Killed Natasha
  3402 | D:4      | Reached XP level 7. HP: 55/55 MP: 9/14
  3503 | D:4      | Learned a level 3 spell: Tukima's Dance
  3507 | D:4      | Learned a level 3 spell: Dazzling Flash
  3989 | D:4      | Noticed Pikel
  4139 | D:4      | Killed Pikel
  4140 | D:4      | Reached skill level 5 in Fighting
  4140 | D:4      | Reached skill level 10 in Stealth
  4140 | D:4      | Reached XP level 8. HP: 57/62 MP: 10/15
  4300 | D:4      | You fall into a shaft and drop 3 floors!
  4383 | D:5      | Entered Level 5 of the Dungeon
  4967 | D:5      | Found a staircase to the Ecumenical Temple.
  4979 | Temple   | Entered the Ecumenical Temple
  5504 | D:5      | Found Arucits's Antique Weapon Shop.
  6154 | D:6      | Found the +11 Singing Sword {sonic wave}
  6435 | D:6      | Reached XP level 9. HP: 66/69 MP: 8/16
  6602 | D:6      | Found an ornate altar of the Wu Jian Council.
  6829 | D:6      | Became a worshipper of the Wu Jian Council
  7292 | D:7      | Found a shimmering blue altar of Sif Muna.
  7296 | D:7      | Found a runed translucent gate.
  7296 | D:7      | Noticed a polar bear
  7297 | D:7      | Found a runed translucent gate.
  7439 | D:7      | Found a bloodstained altar of Trog.
  7545 | D:7      | Found a runed translucent gate.
  7545 | D:7      | Noticed a polar bear
  7546 | D:7      | Noticed a polar bear
  7570 | D:7      | Reached skill level 10 in Short Blades
  7950 | D:7      | Reached * piety under Wu Jian
  8023 | D:8      | Found Paelyv's Jewellery Emporium.
  8209 | D:8      | Found Roreum's Antique Armour Shop.
  8255 | D:8      | Bought a helmet for 130 gold pieces
  8255 | D:8      | Bought an opalescent robe for 165 gold pieces
  8255 | D:8      | Identified the +2 robe "Seki" {Dex+3} (You bought it in a
                  | shop on level 8 of the Dungeon)
  8303 | D:8      | Reached skill level 1 in Armour
  8303 | D:8      | Reached skill level 5 in Dodging
  8367 | D:8      | Found Saunedur's General Store.
  8386 | D:8      | Bought a potion of haste for 120 gold pieces
  8456 | D:8      | Reached skill level 1 in Ice Magic
  8726 | D:8      | Reached skill level 1 in Evocations
  8895 | D:8      | Reached XP level 10. HP: 35/77 MP: 8/17
  9023 | D:8      | Reached ** piety under Wu Jian
  9127 | D:8      | Noticed a red ugly thing
  9133 | D:8      | Killed a red ugly thing
  9134 | D:8      | Reached skill level 1 in Conjurations
  9135 | D:8      | Identified the +6 whip of Goab {elec, Fly rPois Stlth-}
  9151 | D:8      | Found Oschimugh's Armour Shop.
  9373 | D:9      | Noticed a two-headed ogre
  9402 | D:9      | Killed a two-headed ogre
  9505 | D:9      | Found a staircase to the Lair.
  9844 | D:9      | Noticed a two-headed ogre
  9858 | D:9      | Killed a two-headed ogre
 10273 | D:10     | Entered Level 10 of the Dungeon
 10387 | D:10     | Found Liymoan's Antique Armour Shop.
 10455 | D:10     | Bought a creamy pearl robe for 171 gold pieces
 10455 | D:10     | Identified the +0 robe "Ton Umykk" {rN+ Dex+3} (You bought
                  | it in a shop on level 10 of the Dungeon)
 10639 | D:10     | Reached XP level 11. HP: 84/84 MP: 14/19
 10869 | D:10     | Reached *** piety under Wu Jian
 10870 | D:10     | Reached skill level 11 in Stealth
 11057 | D:10     | Found Maitiles's Book Emporium.
 11507 | D:11     | Noticed a boulder beetle
 11513 | D:11     | Killed a boulder beetle
 11847 | D:11     | Noticed a boulder beetle
 11853 | D:11     | Killed a boulder beetle
 11854 | D:11     | Reached skill level 10 in Hexes
 12160 | D:11     | Found a staircase to the Orcish Mines.
 12228 | D:11     | Identified the +3 scale mail of Arcadian Awe {Str+2 Dex+3}
 12490 | Lair:1   | Entered Level 1 of the Lair of Beasts
 12548 | Lair:1   | Reached skill level 12 in Stealth
 12723 | Lair:1   | Noticed Erica
 12744 | Lair:1   | Killed Erica
 12760 | Lair:1   | Reached **** piety under Wu Jian
 12766 | Lair:1   | Reached XP level 12. HP: 16/95 MP: 3/22
 13479 | Lair:1   | Noticed a catoblepas
 13649 | Lair:1   | Killed a catoblepas
 13778 | Lair:2   | Reached skill level 10 in Fighting
 13797 | Lair:2   | Found a staircase to the Shoals.
 13804 | Lair:2   | Found a dark tunnel.
 13813 | Volcano  | Entered a volcano
 14021 | Volcano  | Reached skill level 1 in Long Blades
 14539 | Lair:2   | Found a hole to the Spider Nest.
 15001 | Lair:2   | Noticed an eight-headed hydra
 15007 | Lair:2   | Killed an eight-headed hydra
 15500 | Lair:3   | Reached XP level 13. HP: 101/104 MP: 16/24
 15513 | Lair:3   | Reached ***** piety under Wu Jian
 15755 | Lair:3   | Reached skill level 5 in Evocations
 16153 | Lair:3   | Reached skill level 13 in Stealth
 16262 | Lair:3   | Noticed Josephine
 16340 | Lair:3   | Killed Josephine
 18226 | Lair:5   | Entered Level 5 of the Lair of Beasts
 19351 | Lair:5   | Found a viscous altar of Jiyva.
 19352 | Lair:5   | Found a staircase to the Slime Pits.
 19523 | Lair:5   | Reached XP level 14. HP: 95/113 MP: 21/26
 19779 | Lair:5   | Reached ****** piety under Wu Jian
 20002 | Lair:5   | Reached skill level 14 in Stealth
 20306 | Lair:5   | Reached skill level 5 in Long Blades
 21203 | D:12     | Identified the +10 dagger of Veaseoc {flame, rC+ Str+2
                  | Stlth+}
 21374 | D:12     | Noticed Jorgrun
 21826 | D:12     | HP: 5/115 [Jorgrun/staff of earth (4)]
 21826 | D:12     | Slain by Jorgrun

Illustrated notes

Levels and vault maps discovered:
D:1:      reono_arrival_forest_river, layout_basic
D:2:      layout_basic, kennysheep_small_spiral
D:3:      minmay_door_path, layout_rooms, uniq_natasha
D:4:      layout_basic, uniq_pikel
D:5:      layout_basic, minmay_temple_entry_glass, serial_shops,
          nicolae_square_shop
D:6:      old_forge, layout_basic, amcnicky_altar_gilded
D:7:      lemuel_bear_cage, layout_basic, trog_three_pillars_becter,
          lemuel_doored_altar
D:8:      layout_gridville, serial_shops, shop, nicolae_lakefront_shop,
          nicolae_shop_tiny_waterfront, shop, kennysheep_big_empty_room,
          small_chamber_with_monster
D:9:      layout_basic, lair_entry_dummy
D:10:     layout_basic, serial_shops, nicolae_shop_crystal, shop
D:11:     layout_loops_corners, orc_0_dummy
D:12:     layout_grid_maze, st_stairs_9, minmay_misc_feat_hallway, uniq_jorgrun
Temple:   compressed_dpeg_triangle_lava_temple
Lair:1:   layout_hall_layers, serial_bayou_shore_a, uniq_erica
Lair:2:   layout_chaotic_city, elwin_shoals_entry_rocks,
          hellmonk_spider_entry_life_and_decay, nicolae_volcano_entry_hallway,
          serial_bayou_shore_b, grunt_megastairs_1
Lair:3:   layout_hall_layers, serial_bayou_pond_b, grunt_megastairs_3,
          lemuel_fruit_fields, uniq_josephine
Lair:4:   layout_regular_city, minivault_23, serial_bayou_shore_b
Lair:5:   minmay_lair_end_frog_pond, layout_long_grid, slime_entry_1

Skill      XL: |  1  2  3  4  5  6  7  8  9 10 11 12 13 14 |
---------------+-------------------------------------------+-----
Short Blades   | 2 5 6 7 9 10 | 10.0
Fighting       | 1 4 5 6 7 9 10 11 12 | 12.0
Stealth        | 9 10 12 13 14 | 14.7
Dodging        | 4 5 6 7 8 |  8.7
Spellcasting   | 5 7 8 |  8.8
Hexes          | 8 9 10 11 12 | 12.0
Armour         | 1 3 4 |  4.0
Ice Magic      | 1 2 3 4 |  4.0
Evocations     | 1 2 4 5 6 |  6.7
Conjurations   | 1 2 3 4 |  4.0
Long Blades    | 2 4 5 |  5.3

Action                     |  1- 3 |  4- 6 |  7- 9 | 10-12 | 13-15 || total
---------------------------+-------+-------+-------+-------+-------++-------
  Melee: Dagger            |    89 |    46 |   268 |   361 |   348 ||  1112
         Bite              |     5 |     6 |    39 |    50 |    37 ||   137
         Punch             |       |     2 |     2 |       |       ||     4
         Double sword      |       |       |       |    15 |       ||    15
  Throw: Dart              |       |       |     2 |     2 |     1 ||     5
   Cast: Ensorcelled Hiber |    24 |    13 |    94 |   104 |   195 ||   430
         Confusing Touch   |       |       |    11 |    16 |    15 ||    42
         Tukima's Dance    |       |       |     9 |    12 |     2 ||    23
         Dazzling Flash    |       |       |     2 |    12 |    21 ||    35
Ability: Lunge             |       |       |    11 |    41 |    32 ||    84
         Whirlwind         |       |       |     3 |    13 |    15 ||    31
  Evoke: Wand              |       |       |       |     5 |     2 ||     7
    Use: Scroll            |     3 |    10 |     5 |    14 |     2 ||    34
         Potion            |       |     1 |       |       |     1 ||     2
   Stab: Sleeping          |    23 |    22 |    78 |    83 |   114 ||   320
         Confused          |       |       |     6 |     9 |    11 ||    26
         Invisible         |       |       |     3 |     6 |    11 ||    20
         Distracted        |       |       |       |     1 |       ||     1
 Armour: Robe              |    18 |     7 |     4 |     5 |       ||    34
         Steam dragon scal |       |       |    30 |    56 |    29 ||   115
         Ring mail         |       |       |       |       |    78 ||    78
  Dodge: Dodged            |    72 |    18 |   152 |   193 |   257 ||   692
  Block: Buckler           |       |       |    15 |    43 |    54 ||   112

Table legend: (Time is in decaauts)
 A = Elapsed time spent in this place.
 B = Non-inter-level travel time spent in this place.
 C = Inter-level travel time spent in this place.
 D = Time resting spent in this place.
 E = Time spent auto-exploring this place.
 F = Levels seen in this place.
 G = Mean time per level.
                   A        B        C        D        E       F      G
               +--------+--------+--------+--------+--------+-----+--------+
         Total |  21558 |  20656 |    902 |   3195 |  13037 |  19 | 1134.6 |
       Dungeon |  13230 |  12553 |    677 |   1103 |   9272 |  12 | 1102.5 |
        Temple |     22 |     22 |      0 |      0 |     21 |   1 |   22.0 |
          Lair |   7777 |   7552 |    225 |   1975 |   3592 |   5 | 1555.4 |
       Volcano |    527 |    527 |      0 |    117 |    152 |   1 |  527.0 |
               +--------+--------+--------+--------+--------+-----+--------+

Top non-repeatable levels by time:
  Lair:5: 1971 daAuts
  Lair:3: 1697 daAuts
  Lair:4: 1567 daAuts
     D:4: 1429 daAuts
     D:5: 1361 daAuts
  Lair:2: 1289 daAuts
     D:8: 1274 daAuts
  Lair:1: 1250 daAuts
    D:11: 1146 daAuts
     D:1: 1115 daAuts
    D:10: 1077 daAuts
     D:2: 1053 daAuts
     D:7: 1045 daAuts
     D:3: 1039 daAuts
     D:9: 912 daAuts
